Map: Divergence LE

Players

Joey

  • Race: Terran Terran
  • League: Platinum
  • Spawn Location: 11:00

Frank

  • Race: Protoss Protoss
  • League: Platinum
  • Spawn Location: 11:00

qqq - Winner!

  • Race: Zerg Zerg
  • League: Platinum
  • Spawn Location: 5:00

Massa - Winner!

  • Race: Terran Terran
  • League: Gold
  • Spawn Location: 5:00

VOD

Have the link to the VOD?

Description

Time

  • Played on: April 25, 2020, 2:25 p.m.
  • Length: 21:48
Show
View Real Time Build Order
Export as new Build Order

Joey Terran 

Build Orders:  

Get SALT Encoding   

  12  0:13  SCV  
  13  0:15  Supply Depot  
  13  0:26  SCV  
  14  0:40  Barracks  
  14  0:41  SCV  
  15  0:49  Barracks  
  15  0:55  SCV  
  16  1:09  Barracks  
  16  1:20  SCV  
  16  1:24  Refinery  
  17  1:29  Marine  
  17  1:30  Supply Depot  
  18  1:34  SCV  
  18  1:39  Marine  
  20  1:47  Marine  
  20  1:50  SCV  
  22  1:56  Supply Depot  
  22  1:59  Marine  
  23  2:03  Marine  
  23  2:07  Marine  
  25  2:10  SCV  
  26  2:20  Marine  
  26  2:22  Marine  
  28  2:26  Marine  
  29  2:32  SCV  
  30  2:48  Marine x3  
  33  2:53  SCV  
  34  3:13  Marine x3  
  36  3:30  Command Center  
  28  3:44  Marine x3  
  24  3:58  Refinery  
  24  3:59  Factory  
  24  4:00  Engineering Bay  
  24  4:02  Marine  
  25  4:03  Marine x2  
  27  4:19  Marine  
  27  4:21  Marine x2  
  27  4:23  SCV  
  30  4:37  Marine  
  30  4:39  Marine  
  30  4:44  Planetary Fortress  
  21  4:57  Marine x2  
  12  5:12  Marine  
  12  5:14  Marine  
  12  5:21  SCV  
  12  5:33  SCV  
  13  5:45  SCV  
  14  5:57  SCV  
  14  5:58  Command Center  
  15  6:09  SCV  
  15  6:17  Marine x3  
  16  6:19  Factory Tech Lab  
  16  6:21  SCV  
  16  6:40  Marine x2  
  16  6:41  Marine  
  16  6:42  SCV  
  20  6:54  SCV  
  20  6:58  Marine  
  20  7:00  Barracks Tech Lab  
  22  7:02  Barracks Reactor  
  22  7:09  Command Center  
  22  7:12  SCV  
  23  7:24  SCV  
  24  7:32  Stimpack  
  24  7:45  Siege Tank  
  24  7:48  SCV  
  28  7:56  Marine x2  
  30  8:00  SCV  
  31  8:12  Barracks Reactor  
  31  8:19  Supply Depot  
  31  8:20  SCV  
  32  8:33  SCV  
  33  8:41  Planetary Fortress  
  33  8:45  SCV, Marine x3  
  37  8:52  Supply Depot  
  37  8:57  SCV  
  38  9:03  Siege Tank  
  41  9:23  SCV  
  42  9:30  SCV  
  42  9:31  Starport  
  43  9:35  SCV  
  44  9:47  SCV  
  44  9:52  Marine x2  
  45  9:53  Marine x3  
  45  9:59  SCV  
  51  10:00  SCV  
  51  10:06  Combat Shield  
  52  10:09  Starport Reactor  
  52  10:12  SCV x2  
  54  10:19  Siege Tank  
  57  10:24  SCV  
  58  10:32  SCV  
  58  10:33  Refinery  
  59  10:37  SCV  
  59  10:40  Refinery  
  60  10:44  SCV  
  60  10:47  Supply Depot  
  61  10:57  SCV  
  62  11:10  Medivac x2  
  66  11:12  Command Center  
  66  11:16  SCV  
  67  11:33  Marine x3  
  70  11:40  Supply Depot  
  70  11:55  Terran Infantry Armor Level 1, Supply Depot  
  70  12:01  Marine x5  
  70  12:02  Siege Tank  
  70  12:03  Supply Depot  
  78  12:11  Missile Turret  
  78  12:16  Medivac x2, Missile Turret  
  82  12:26  Missile Turret  
  82  12:31  Planetary Fortress  
  82  12:43  Supply Depot  
  82  12:46  Medivac x2  
  82  12:49  Supply Depot  
  82  12:50  SCV  
  87  12:56  Missile Turret  
  87  13:02  SCV  
  88  13:08  Sensor Tower  
  88  13:10  Siege Tank  
  91  13:15  Supply Depot  
  91  13:23  Armory  
  63  14:25  Medivac  
  63  14:26  Medivac  
  63  14:27  Marine  
  63  14:28  Marine x4  
  51  14:45  Marine x2  
  51  14:46  Marine x3  
  56  14:54  Terran Vehicle Weapons Level 1  
  56  14:55  Medivac  
  56  14:56  Medivac  
  56  14:59  Siege Tank  
  63  15:00  Factory  
  63  15:03  Marine x4  
  63  15:04  SCV, Marine  
  69  15:07  SCV  
  69  15:11  Refinery  
  70  15:16  SCV  
  70  15:20  SCV  
  70  15:21  Marine x5  
  72  15:25  Medivac  
  72  15:26  Medivac  
  72  15:28  SCV  
  82  15:29  Terran Infantry Weapons Level 1  
  82  15:31  Siege Tank  
  82  15:32  SCV  
  82  15:35  Engineering Bay, Supply Depot  
  86  15:39  Marine x5  
  86  15:40  SCV  
  92  15:44  SCV  
  92  15:45  Factory Tech Lab  
  93  15:50  Supply Depot  
  93  15:52  SCV  
  93  15:55  Medivac  
  93  15:57  Marine x3  
  78  16:29  Marine x2  
  78  16:30  Marine x3  
  80  16:43  Medivac x2  
  84  16:47  Marine x4  
  84  16:48  Marine  
  89  17:05  Marine x5  
  84  17:23  Marine x5  
  80  17:41  Marine x5  
  67  17:58  Marine x2  
  67  17:59  SCV, Marine x3  
  70  18:08  Terran Infantry Weapons Level 2  
  70  18:09  Terran Infantry Armor Level 2  
  70  18:11  SCV  
  71  18:16  Marine x3  
  71  18:17  Marine x2  
  71  18:23  SCV  
  68  18:27  Viking x2  
  71  18:34  Marine x4  
  71  18:35  Marine  
  66  18:52  Marine x3  
  63  18:57  Viking x2  
  59  19:14  Marine  
  59  19:15  Marine  
  31  21:26  Marine  
  31  21:27  Marine x2  
Show
View Real Time Build Order
Export as new Build Order

Frank Protoss 

Build Orders: Carriers, Dark Templar Rush 

Get SALT Encoding   

  12  0:02  Probe  
  13  0:15  Pylon  
  13  0:18  Probe  
  14  0:31  Probe  
  15  0:39  Gateway  
  15  0:43  Probe  
  15  0:47  Assimilator  
  16  0:55  Probe  
  17  1:02  Assimilator  
  17  1:07  Probe  
  18  1:19  Probe  
  19  1:27  Cybernetics Core  
  20  1:32  Probe  
  20  1:45  Probe  
  21  1:59  Warp Gate (Chrono Boost)  
  21  2:03  Gateway  
  21  2:05  Pylon  
  21  2:15  Gateway  
  21  2:16  Probe  
  22  2:30  Robotics Facility  
  22  2:33  Pylon  
  22  2:54  Twilight Council  
  22  2:57  Gateway  
  22  3:00  Gateway  
  22  3:05  Zealot  
  26  3:14  Warp Prism (Chrono Boost)  
  26  3:33  Shield Battery  
  26  3:35  Dark Shrine  
  26  3:36  Shield Battery  
  26  3:48  Stalker x2  
  28  4:04  Stalker  
  26  4:31  Pylon  
  26  4:33  Pylon  
  26  4:35  Pylon  
  26  4:50  Dark Templar x3  
  30  5:28  Dark Templar x3  
  36  5:37  Pylon  
  36  6:07  Dark Templar  
  29  7:05  Zealot  
  29  7:06  Zealot x2  
  35  7:49  Zealot x4  
  33  8:17  Charge (Chrono Boost), Robotics Bay  
  33  8:22  Zealot x4  
  40  8:56  Nexus  
  40  9:02  Zealot x4  
  48  9:33  Zealot x3  
  48  9:34  Zealot  
  48  10:28  Colossus (Chrono Boost)  
  48  10:29  Nexus  
  54  10:53  Assimilator  
  54  10:56  Probe x2  
  56  11:14  Zealot  
  56  11:15  Zealot  
  56  11:16  Zealot  
  58  11:31  Assimilator  
  48  11:33  Extended Thermal Lance (Chrono Boost)  
  48  11:34  Assimilator  
  48  11:41  Assimilator  
  48  11:43  Probe x3  
  51  11:55  Probe  
  52  12:01  Robotics Facility  
  52  12:04  Robotics Facility  
  50  12:17  Stalker x2  
  53  12:46  Stalker  
  55  13:05  Probe x2  
  56  13:06  Probe  
  58  13:17  Probe x2  
  58  13:18  Probe  
  58  13:19  Colossus  
  67  13:29  Probe  
  67  13:31  Probe x2  
  70  13:48  Zealot x3  
  74  13:49  Zealot  
  78  14:06  Colossus  
  84  14:27  Zealot  
  84  14:28  Zealot x2  
  84  14:29  Zealot  
  88  14:39  Colossus  
  88  14:42  Colossus  
  90  14:46  Probe x3  
  91  14:58  Probe x2  
  92  15:03  Gravitic Drive (Chrono Boost)  
  91  15:17  Stargate  
  91  15:20  Pylon  
  91  15:22  Pylon  
  91  15:23  Pylon  
  91  15:24  Probe  
  91  15:25  Probe  
  93  15:38  Probe  
  93  15:42  Stargate  
  94  15:44  Cybernetics Core, Protoss Air Weapons Level 1  
  94  15:47  Forge  
  94  15:48  Observer  
  95  15:53  Pylon  
  95  15:54  Pylon  
  76  16:21  Stalker x4  
  82  16:57  Protoss Shields Level 1  
  82  16:59  Probe x3  
  85  17:06  Fleet Beacon  
  77  17:11  Probe, Protoss Air Armor Level 1  
  74  17:40  Phoenix (Chrono Boost)  
  76  17:48  Phoenix (Chrono Boost)  
  76  17:50  Stargate  
  78  17:52  Stargate  
  78  18:01  Carrier (Chrono Boost)  
  78  18:04  Carrier (Chrono Boost)  
  86  18:22  Protoss Air Weapons Level 2  
  72  18:36  Phoenix (Chrono Boost)  
  72  18:37  Phoenix (Chrono Boost)  
  70  18:50  Carrier (Chrono Boost)  
  70  18:51  Phoenix (Chrono Boost)  
  70  18:52  Phoenix (Chrono Boost)  
  70  18:53  Phoenix (Chrono Boost)  
  70  18:55  Stalker x4  
  90  19:06  Protoss Ground Armor Level 1  
  86  19:29  Zealot  
  86  19:30  Zealot x3  
  86  19:32  Carrier (Chrono Boost)  
  86  19:33  Carrier (Chrono Boost)  
  104  19:39  Carrier (Chrono Boost)  
  98  20:10  Carrier (Chrono Boost)  
Show
View Real Time Build Order
Export as new Build Order

qqq Zerg - Winner!

Build Orders: Hatch First 

Get SALT Encoding   

  12  0:02  Drone  
  13  0:08  Drone  
  14  0:41  Hatchery  
  13  0:53  Spawning Pool  
  13  0:54  Drone  
  13  1:01  Extractor  
  13  1:02  Drone  
  13  1:10  Overlord  
  13  1:15  Drone  
  14  1:29  Drone  
  14  1:30  Drone  
  16  1:42  Queen  
  16  1:44  Zergling x2  
  19  1:52  Zergling x2  
  19  1:53  Drone  
  21  2:00  Zergling x2  
  22  2:07  Metabolic Boost  
  22  2:10  Drone  
  22  2:15  Overlord  
  23  2:28  Zergling x4  
  23  2:29  Zergling x2  
  26  2:34  Zergling x2  
  26  2:36  Zergling x2  
  28  2:46  Overlord  
  28  2:50  Overlord  
  28  3:11  Roach Warren, Zergling x6  
  30  3:13  Zergling x2, Overlord  
  26  3:38  Zergling x8  
  26  3:39  Zergling x4  
  29  3:42  Queen  
  29  3:43  Zergling x2  
  31  3:56  Zergling x4  
  31  3:57  Zergling x2  
  32  4:13  Roach  
  34  4:23  Drone  
  34  4:24  Drone x2  
  32  4:47  Zergling x4  
  32  4:48  Roach x2  
  32  4:49  Drone x2  
  39  5:07  Lair  
  33  5:42  Drone x3  
  36  5:55  Hatchery  
  31  6:03  Hatchery  
  27  6:04  Hatchery  
  27  6:08  Roach x2  
  27  6:09  Zergling x8  
  34  6:18  Extractor  
  31  6:43  Overseer  
  31  7:19  Pneumatized Carapace  
  31  7:33  Roach  
  31  7:34  Drone x2, Roach x2  
  31  7:36  Drone  
  31  7:37  Drone x2  
  42  7:38  Drone x3  
  45  7:51  Drone x2  
  45  7:52  Drone  
  45  7:53  Drone  
  44  8:09  Drone  
  44  8:10  Drone x4  
  44  8:12  Roach x2  
  53  8:13  Roach  
  55  8:24  Roach x3  
  55  8:25  Zergling x4  
  63  8:35  Overlord  
  63  8:46  Overlord x2  
  63  8:47  Overlord  
  63  9:01  Drone x5  
  63  9:02  Drone x4  
  72  9:05  Overlord  
  72  9:11  Extractor  
  71  9:21  Spire  
  69  9:29  Spine Crawler, Queen  
  69  9:31  Queen  
  64  9:33  Spore Crawler  
  64  9:35  Spore Crawler  
  64  9:36  Drone  
  57  9:57  Drone x3  
  60  10:07  Spine Crawler  
  59  10:20  Tunneling Claws  
  59  10:23  Drone  
  59  10:24  Drone x3  
  59  10:25  Drone  
  59  10:26  Drone x3  
  67  10:33  Drone  
  67  10:34  Drone x2  
  70  10:39  Ravager x3  
  73  10:44  Drone x2  
  73  10:45  Drone  
  73  10:47  Drone  
  77  10:52  Corruptor  
  77  10:56  Mutalisk  
  81  11:03  Mutalisk  
  83  11:14  Drone x4  
  86  11:30  Drone x4  
  86  11:31  Drone x5  
  92  11:36  Roach x3  
  98  11:43  Hatchery  
  97  12:06  Overlord x3  
  97  12:08  Overlord x3  
  97  12:24  Mutalisk  
  97  12:25  Mutalisk  
  97  12:26  Mutalisk  
  97  12:27  Drone  
  97  12:28  Drone x3  
  107  12:31  Extractor x2  
  107  12:35  Extractor  
  104  12:56  Mutalisk x3  
  110  12:59  Zergling x10  
  115  13:15  Zerg Flyer Weapons Level 1  
  115  13:17  Infestation Pit  
  115  13:18  Zergling x2  
  115  13:19  Hatchery  
  114  13:20  Zergling x2  
  114  13:21  Zergling x14  
  114  13:25  Drone  
  114  13:26  Drone x2  
  125  13:48  Roach x2  
  125  13:49  Roach x5  
  125  13:54  Hive  
  56  14:18  Drone  
  56  14:19  Drone x2  
  56  14:20  Roach x8  
  60  14:36  Mutalisk  
  60  14:37  Roach  
  62  14:44  Mutalisk, Roach  
  62  14:46  Drone x4  
  63  14:55  Drone  
  63  14:56  Drone  
  65  15:02  Drone  
  66  15:09  Drone x2  
  66  15:10  Queen  
  66  15:13  Hatchery  
  69  15:14  Hatchery  
  69  15:16  Drone x3  
  71  15:22  Greater Spire  
  71  15:28  Zergling x4  
  71  15:30  Roach x3  
  71  15:34  Drone x2  
  71  15:35  Drone x2  
  83  15:43  Mutalisk  
  83  15:44  Corruptor  
  83  15:45  Drone  
  83  15:46  Drone  
  89  16:10  Mutalisk x6  
  101  16:13  Mutalisk  
  103  16:20  Drone x5  
  103  16:21  Drone  
  109  16:26  Roach x2  
  109  16:28  Roach  
  115  16:36  Mutalisk x2  
  115  16:39  Mutalisk x3  
  121  16:44  Overlord x2  
  109  17:28  Mutalisk x5  
  95  17:49  Mutalisk x2  
  97  17:52  Zergling x6  
  97  17:53  Drone x7  
  107  18:01  Extractor, Drone  
  107  18:02  Drone x2  
  109  18:08  Mutalisk x2  
  101  18:47  Mutalisk x3  
  103  19:00  Zergling x8  
  103  19:01  Zergling x2  
  95  19:23  Corruptor x2  
  85  19:33  Drone x5  
  85  19:34  Drone  
  91  19:41  Extractor  
  91  19:44  Drone, Extractor  
  90  19:46  Drone x2  
  90  19:51  Drone x2  
  94  19:54  Extractor, Corruptor x3  
  88  20:08  Corruptor  
  90  20:14  Extractor  
  90  20:15  Extractor  
  88  20:26  Drone  
  88  20:27  Drone x2  
  91  20:30  Extractor  
  91  20:32  Hatchery  
  86  21:12  Corruptor  
  86  21:13  Hatchery, Corruptor x7  
Show
View Real Time Build Order
Export as new Build Order

Massa Terran - Winner!

Build Orders:  

Get SALT Encoding   

  12  0:13  SCV  
  13  0:15  Supply Depot  
  13  0:25  SCV  
  14  0:38  SCV, Barracks  
  15  0:51  SCV  
  16  0:57  Supply Depot  
  16  1:03  SCV  
  17  1:13  Barracks  
  17  1:15  SCV  
  18  1:27  SCV  
  19  1:36  Barracks  
  19  1:37  Marine  
  20  1:43  Refinery  
  20  1:47  Orbital Command  
  20  1:55  Marine  
  21  2:02  Marine  
  21  2:03  Barracks  
  22  2:17  Marine  
  22  2:19  Marine  
  24  2:24  Marine  
  25  2:35  Marine  
  26  2:37  Marine  
  26  2:42  Marine  
  28  2:52  Supply Depot  
  28  2:53  Marine  
  28  2:54  Supply Depot  
  28  2:55  Marine  
  30  2:59  Marine  
  31  3:13  Marine x3  
  31  3:17  Marine  
  35  3:31  Marine x3  
  38  3:35  Marine  
  37  3:49  Marine x3  
  39  4:10  Marine x4  
  42  4:27  Marine  
  42  4:28  Marine x3  
  45  4:33  SCV  
  45  4:35  Factory  
  45  4:36  Command Center  
  46  4:45  SCV  
  30  5:10  Marine x2  
  30  5:11  Marine x2  
  33  5:23  Factory Tech Lab  
  33  5:26  SCV  
  33  5:28  Marine x3  
  34  5:29  Marine  
  38  5:38  SCV  
  39  5:44  Siege Tank  
  39  5:46  Marine x2  
  39  5:49  Barracks Tech Lab  
  45  5:50  SCV  
  45  5:51  Barracks Reactor  
  45  6:02  SCV  
  45  6:04  Marine x2  
  40  6:14  SCV  
  35  6:23  Marine x3  
  38  6:41  Marine x2  
  38  6:44  Command Center  
  40  6:59  Marine x4  
  40  7:00  Marine  
  41  7:17  Marine x5  
  45  7:34  Marine  
  45  7:35  Marine  
  47  7:41  Supply Depot  
  47  7:54  Engineering Bay  
  47  7:56  SCV, Marine  
  48  8:04  Supply Depot  
  48  8:08  SCV  
  49  8:20  SCV  
  49  8:21  SCV  
  49  8:26  Supply Depot  
  51  8:32  SCV  
  51  8:34  SCV  
  53  8:44  SCV  
  53  8:46  SCV  
  53  8:48  Missile Turret  
  55  8:58  SCV  
  56  9:07  Missile Turret  
  56  9:10  SCV  
  56  9:12  SCV  
  56  9:14  Command Center  
  58  9:22  SCV  
  58  9:23  Barracks  
  59  9:25  SCV  
  59  9:30  Missile Turret  
  60  9:34  SCV  
  60  9:37  SCV  
  62  9:41  Missile Turret  
  62  9:43  Terran Infantry Weapons Level 1  
  62  9:45  Combat Shield  
  62  9:46  SCV  
  62  9:49  SCV  
  62  9:51  Marauder  
  66  9:58  SCV  
  67  10:01  SCV  
  67  10:03  Missile Turret  
  68  10:12  Marauder  
  68  10:13  SCV  
  72  10:15  Orbital Command  
  72  10:19  Refinery  
  71  10:25  SCV, Missile Turret  
  72  10:35  Starport  
  72  10:39  SCV  
  72  10:41  SCV  
  74  10:51  SCV, Siege Tank  
  74  10:53  SCV  
  74  10:56  Marauder, Marine x3  
  74  10:57  Marine  
  84  11:03  SCV  
  86  11:06  Supply Depot  
  86  11:13  Starport  
  86  11:14  Marine x4  
  86  11:18  Marauder  
  92  11:21  SCV x3  
  92  11:23  Siege Tank  
  98  11:33  SCV x3  
  98  11:37  Terran Infantry Armor Level 1  
  98  11:39  Sensor Tower  
  101  11:45  SCV x3  
  104  11:52  Command Center  
  104  11:57  SCV  
  105  12:05  Sensor Tower  
  105  12:07  Missile Turret  
  105  12:13  Barracks Reactor  
  105  12:17  Barracks Reactor  
  105  12:29  Missile Turret  
  105  12:31  Missile Turret  
  105  12:46  Refinery, Command Center  
  105  12:47  Sensor Tower  
  105  12:50  Refinery, Missile Turret  
  105  12:51  Missile Turret  
  105  12:58  Refinery  
  105  13:12  Missile Turret  
  105  13:13  Missile Turret  
  105  13:14  SCV  
  105  13:15  SCV x2  
  108  13:22  SCV  
  108  13:27  Refinery, SCV x3  
  112  13:34  SCV  
  112  13:36  Armory  
  112  13:37  Armory  
  112  13:39  SCV x3  
  112  13:40  Viking x2  
  120  13:46  SCV  
  121  13:51  SCV x2  
  121  13:55  Marine  
  124  13:57  Barracks Reactor, Marine x4  
  124  13:58  Marauder, Marine  
  131  14:10  Viking  
  131  14:13  Marine  
  131  14:15  Marine x5  
  139  14:37  Supply Depot  
  139  14:42  Marine  
  139  14:43  Marauder  
  139  14:49  Marine  
  139  14:58  Marine x2, Thor  
  147  15:00  Supply Depot  
  147  15:09  Supply Depot  
  147  15:12  Supply Depot  
  147  15:20  Factory  
  147  15:21  Marine x7  
  147  15:23  Supply Depot  
  154  15:39  Marine x3  
  154  15:40  Terran Vehicle Weapons Level 1  
  154  15:41  Terran Vehicle And Ship Armor Level 1, Thor  
  154  15:42  Terran Infantry Weapons Level 2  
  163  15:47  Engineering Bay  
  163  15:48  Supply Depot  
  161  15:57  Marine  
  153  16:04  Factory  
  153  16:13  Supply Depot  
  131  16:25  Marauder, Marine x5  
  93  16:26  Marine x3  
  89  16:34  Factory Tech Lab  
  89  16:36  Siege Tank  
  89  16:38  Supply Depot  
  92  16:43  Marine x6  
  92  16:44  Marine x2  
  92  16:46  Marauder  
  102  16:47  Barracks  
  102  16:51  SCV x3  
  107  16:54  Orbital Command  
  107  16:57  Orbital Command  
  107  17:01  Marine x8, Supply Depot  
  107  17:02  Factory Tech Lab  
  107  17:03  SCV  
  107  17:05  Thor  
  107  17:07  Marauder  
  107  17:08  Siege Tank  
  125  17:18  Marine x2  
  125  17:19  Marine x6  
  133  17:25  Supply Depot  
  133  17:29  Marauder  
  135  17:36  Barracks, Marine x2, Stimpack  
  135  17:37  Marine x6  
  137  17:38  Terran Vehicle And Ship Armor Level 2, Terran Vehicle Weapons Level 2  
  137  17:40  Terran Infantry Armor Level 2  
  137  17:44  Thor  
  149  17:47  Thor  
  149  17:50  Marauder, Supply Depot  
  157  17:54  Marine x4  
  157  17:55  Marine x4  
  165  17:58  Neosteel Armor  
  165  18:01  Medivac x2  
  169  18:12  Marauder, Marine x6  
  174  18:13  Marine  
  174  18:14  Starport, Supply Depot  
  174  18:16  Starport  
  154  18:26  Marine  
  145  18:28  Refinery  
  145  18:30  Barracks Reactor, Marine x3  
  145  18:31  Viking x2  
  145  18:33  Marauder, Marine x2  
  145  18:34  Marine x2  
  157  18:44  Marine  
  157  18:47  Marine  
  157  18:48  Marine x2  
  161  18:51  Marine x4  
  161  18:54  Marauder  
  167  19:02  Marine  
  165  19:05  Marine x2  
  165  19:06  Marine  
  165  19:09  Marine x2  
  170  19:16  Marauder  
  170  19:36  Marine x3  
  170  19:37  Marauder, Marine x6  
  170  19:38  Marine  
  169  19:54  Marine x4  
  169  19:55  Marine x6  
  169  19:59  Marauder  
  177  20:12  Marine x5  
  177  20:13  Marine x5  
  187  20:16  Thor x2  
  187  20:19  Marine  
  165  21:25  Marauder, Marine x8  
  157  21:26  Marine x2  
Tags
 
Add a new tag
Caveats
  • Supply blocks, unpowered buildings, or Contaminate may cause inaccurate times.
  • Supply counts are checked every 10 seconds.